 Dungeon Crawl Stone Soup version 0.29.0-4-gdea44cf6ec (webtiles) character file.

Game seed: 12929629611901754864

5332 qw the Cleaver (level 10, -3/65 HPs)
             Began as a Gargoyle Fighter on Sept 9, 2022.
             Slain by a cyclops (14 damage)
             ... on level 8 of the Dungeon.
             The game lasted 00:03:14 (7449 turns).

qw the Cleaver (Gargoyle Fighter)                   Turns: 7449, Time: 00:03:14

Health: -3/65      AC: 26    Str: 28    XL:     10   Next: 64%
Magic:  10/10      EV:  5    Int:  8    God:
Gold:   493        SH:  4    Dex:  9    Spells: 9/9 levels left

rFire   . . .      SeeInvis +   o - +6 war axe of Circularity {drain, Str+3}
rCold   . . .      Faith    .   c - +0 buckler
rNeg    + . .      Spirit   .   b - +0 crystal plate armour
rPois   inf        Reflect  .   (no helmet)
rElec   +          Harm     .   (no cloak)
rCorr   .          Rampage  .   (no gloves)
Will    .....                   (no boots)
Stlth   ..........              (no amulet)
HPRegen 0.20/turn               h - ring of see invisible
MPRegen 0.12/turn               (no ring)

@: no status effects
A: sickness immunity, AC +7, negative energy resistance 1, electricity
resistance, torment resistance 1, petrification resistance
a: no special abilities


You were on level 8 of the Dungeon.
You visited 1 branch of the dungeon, and saw 8 of its levels.

You collected 493 gold pieces.


Innate Abilities, Weirdness & Mutations

You are immune to sickness and miasma.
Your stone body is resilient. (AC +7)
You are immune to poison.
You resist negative energy. (rN+)
You are resistant to electric shocks. (rElec)
You are resistant to unholy torment.
You are immune to petrification.


   Skills:
 - Level 8.4 Fighting
 + Level 10.4 Axes
 - Level 1.2 Throwing
 - Level 8.0 Armour
 - Level 1.5 Dodging
 - Level 5.2 Shields


You had 9 spell levels left.
You didn't know any spells.
Your spell library was empty.

Inventory:

Hand Weapons
 e - a +0 flail
 o - the +6 war axe of Circularity (weapon) {drain, Str+3}
   (You acquired it on level 5 of the Dungeon)

   A truly terrible weapon, it drains the life of any living foe it strikes.
   Str:       It affects your strength (+3).
Missiles
 n - 6 boomerangs (quivered)
Armour
 b - a +0 crystal plate armour (worn)
 c - a +0 buckler (worn)
Jewellery
 h - a ring of see invisible (left hand)
Scrolls
 a - 2 scrolls of identify
 i - a scroll of teleportation
 l - 2 scrolls of blinking
Potions
 d - a potion of might
 f - 3 potions of heal wounds
 g - 3 potions of attraction
 j - 2 potions of haste
 k - 2 potions of resistance
 m - a potion of cancellation
 p - a potion of invisibility
 t - 2 potions of curing

Dungeon Overview and Level Annotations

Branches:
Dungeon (8/15)             Temple (0/1) D:6            Lair (0/5) D:8

Altars:
Ashenzari
Cheibriados
Dithmenos
Fedhas
Gozag
Ru
Trog
Uskayaw
Vehumet
Xom
The Shining One

Annotations:
D:5 3 runed translucent doors, qw's ghost, novice TeWr


Message History

The gargoyle hurls a stone arrow at you.
The stone arrow hits you!
The orc priest calls down the wrath of Beogh upon you.
Beogh smites you!
The bullfrog swells and bulges.
The bullfrog hits you but does no damage.
The cyclops throws a large rock.
The large rock hits the vampire but does no damage.
You closely miss the bullfrog.
The bullfrog is moderately wounded.
You barely miss the vampire. You hit the gargoyle but do no damage.
The bullfrog hits you but does no damage.
The gargoyle hits you but does no damage.
The vampire hits you but does no damage.
You block the vampire's attack.
The orc priest hits you but does no damage.
The bullfrog hits you but does no damage.
You slash the bullfrog! You drain the bullfrog.
The bullfrog is severely wounded.
You closely miss the vampire. You hit the gargoyle but do no damage.
The vampire hits you but does no damage.
The vampire barely misses you.
The gargoyle hits you with a +0 morningstar.
The orc priest hits you but does no damage.
The bullfrog hits you but does no damage.
The vampire hits you!
The vampire bites you but does no damage.
The gargoyle barely misses you.
The orc priest hits you but does no damage.
You hit the bullfrog. You drain the bullfrog.
You kill the bullfrog!
You hit the vampire. You barely miss the gargoyle. You slash the vampire!
The vampire is moderately damaged.
You slash the cyclops! You slash the gargoyle!
The vampire hits you but does no damage.
The vampire bites you. You block the orc priest's attack.
The gargoyle hurls a stone arrow at you.
The stone arrow hits you. The cyclops hits you!
You die...

....#...# #......##### ##
#..#####...## #.# #..#.#.%....#
#..# #####..####)#### #..)#
#...#.......# #....#
####)##.}...}.# #....$#
##888.##....}..##Co..($#########
.%....8#...}...'@Vz..[##.......#
.#888.##..}....##9...!)#.#####.##
.####+##.}...}.###....$#.##......
#..#...#.......#.##....#....##.#.
...##..####'####.###...#.#####.#.
##.#.#.'....# #....##..#.......#.
#.#####...####.##..##.#.####....
#.....##### #.....####### #.##.
##...## #..#####.#######. #.


You could see a cyclops, a vampire (invisible), a gargoyle, a wight and an orc
priest.

Vanquished Creatures
  A two-headed ogre (D:8)
  A hornet (D:7)
  A wraith (D:6)
  3 wyverns
  4 vampire mosquitoes (D:8)
  5 water moccasins
  2 sky beasts
  2 ice beasts
  A black bear (D:8)
  4 centaurs
  3 phantoms
  A gnoll sergeant (D:6)
  5 bullfrogs
  7 scorpions
  9 wights (D:8)
  2 howler monkeys
  5 orc priests (D:5)
  5 hounds
  2 orc wizards
  3 iguanas
  7 adders
  3 gnolls (D:4)
  2 shadow imps (D:6)
  3 white imps
  3 ufetubi
  3 worms
  3 dart slugs (D:4)
  24 orcs
  8 endoplasms
  2 giant cockroaches
  4 goblins
  4 hobgoblins
  8 kobolds
  3 quokkas
  3 ball pythons
  6 bats
  2 frilled lizards (D:1)
  8 rats
162 creatures vanquished.

Vanquished Creatures (others)
  A scorpion (D:6)
  A gnoll (D:6)
  An orc (D:6)
3 creatures vanquished.

Grand Total: 165 creatures vanquished

Notes
Turn   | Place    | Note
-------+----------+-------------------------------------------
     0 | D:1      | qw the Gargoyle Fighter began the quest for the Orb.
     0 | D:1      | Reached XP level 1. HP: 14/14 MP: 1/1
     0 | D:1      | 0 ||| qw: Version: 0.1-a-113-g051387a
     0 | D:1      | 0 ||| qw: Game counter: 7292
     0 | D:1      | 0 ||| qw: Always use a shield: true
     0 | D:1      | 0 ||| qw: God list: Okawaru
     0 | D:1      | 0 ||| qw: Allow faded altars: false
     0 | D:1      | 0 ||| qw: Do Orc after D:15 true
     0 | D:1      | 0 ||| qw: Do second Lair branch before Depths: true
     0 | D:1      | 0 ||| qw: Lair rune preference: random
     0 | D:1      | 0 ||| qw: Plans: Normal, Zot, God:TSO, Crypt, Tomb, Zig,
                  | Orb
     0 | D:1      | 0 ||| PLANNING D:1-11
    63 | D:1      | Reached skill level 2 in Axes
   368 | D:1      | Reached XP level 2. HP: 19/19 MP: 2/2
   518 | D:1      | Found a faded altar of an unknown god.
   822 | D:1      | 822 ||| READING scroll labelled CAEZYT AKLUU.
   823 | D:1      | 823 ||| READING scroll labelled JYKHLO ETEBLA.
   827 | D:1      | 827 ||| READING 2 scrolls labelled LEREFRI REMOJI.
   828 | D:1      | 828 ||| READING scroll of brand weapon.
   828 | D:1      | 828 ||| BRANDING +0 vorpal war axe.
   829 | D:1      | 829 ||| READING scroll labelled POKHLI VOOXI.
   984 | D:2      | Reached skill level 3 in Axes
   984 | D:2      | Reached XP level 3. HP: 23/23 MP: 3/3
  1217 | D:2      | 1217 ||| Stepping ~*~*~tactically~*~*~ (stealth).
  1218 | D:2      | 1218 ||| Stepping ~*~*~tactically~*~*~ (stealth).
  1230 | D:2      | 1230 ||| Stepping ~*~*~tactically~*~*~ (stealth).
  1430 | D:2      | 1430 ||| UPGRADING to ring of see invisible.
  1431 | D:2      | 1431 ||| READING 2 scrolls labelled QERECK INTODD.
  1432 | D:2      | 1432 ||| READING scroll labelled RURA JA KUHU.
  1533 | D:3      | Reached XP level 4. HP: 25/28 MP: 4/4
  1573 | D:3      | Found a sacrificial altar of Ru.
  1772 | D:3      | 1772 ||| DROPPING +1 whip of freezing.
  1880 | D:3      | Reached skill level 4 in Axes
  1981 | D:3      | 1981 ||| Stepping ~*~*~tactically~*~*~ (hiding).
  1983 | D:3      | 1983 ||| Stepping ~*~*~tactically~*~*~ (hiding).
  2392 | D:3      | 2392 ||| DROPPING orb of energy.
  2393 | D:3      | 2393 ||| READING scroll labelled BOOHAR IDIDOS.
  2394 | D:3      | 2394 ||| READING scroll labelled MOKAOM PUGOITU.
  2395 | D:3      | 2395 ||| READING scroll labelled QIL YZOENLIT.
  2449 | D:3      | 2449 ||| DRINKING 2 sapphire potions.
  2450 | D:3      | 2450 ||| DRINKING 3 fizzy inky potions.
  2588 | D:4      | 2588 ||| Stepping ~*~*~tactically~*~*~ (hiding).
  2677 | D:4      | 2677 ||| DROPPING +2 whip of draining.
  2719 | D:4      | Reached XP level 5. HP: 32/32 MP: 5/5
  2728 | D:4      | Reached skill level 5 in Axes
  2889 | D:4      | 2889 ||| Stepping ~*~*~tactically~*~*~ (hiding).
  2890 | D:4      | 2890 ||| Stepping ~*~*~tactically~*~*~ (hiding).
  3078 | D:4      | Found a glowing golden altar of the Shining One.
  3147 | D:4      | You fall into a shaft and drop 1 floor!
  3147 | D:5      | Entered Level 5 of the Dungeon
  3165 | D:5      | Noticed a centaur
  3171 | D:5      | Killed a centaur
  3172 | D:5      | Reached XP level 6. HP: 27/39 MP: 6/6
  3299 | D:5      | 3299 ||| READING 2 scrolls labelled ZIYSKUWIOK.
  3300 | D:5      | 3300 ||| READING scroll labelled FYOHU COY.
  3300 | D:5      | Identified a scroll of acquirement
  3300 | D:5      | 3300 ||| ACQUIRING +6 war axe of Circularity {drain, Str+3}
  3300 | D:5      | Acquired the +6 war axe of Circularity {drain, Str+3}
  3302 | D:5      | 3302 ||| SWAPPING to +6 war axe of Circularity {drain,
                  | Str+3}.
  3303 | D:5      | 3303 ||| DROPPING +0 war axe of venom.
  3304 | D:5      | 3304 ||| READING 2 scrolls of identify.
  3304 | D:5      | 3304 ||| IDENTIFYING metallic brown potion
  3319 | D:4      | Found Xiujalae's Jewellery Shoppe.
  3369 | D:5      | Reached skill level 1 in Dodging
  3423 | D:5      | Reached XP level 7. HP: 35/44 MP: 7/7
  3566 | D:5      | 3566 ||| Stepping ~*~*~tactically~*~*~ (stealth).
  3570 | D:5      | 3570 ||| Stepping ~*~*~tactically~*~*~ (stealth).
  3577 | D:5      | 3577 ||| Stepping ~*~*~tactically~*~*~ (stealth).
  3592 | D:5      | Reached skill level 6 in Axes
  3593 | D:5      | HP: 3/44 [orc priest/divine providence (10)]
  3594 | D:5      | 3594 ||| READING 2 scrolls of teleportation.
  3594 | D:5      | HP: 1/44 [phantom (1)]
  3595 | D:5      | 3595 ||| DRINKING 2 potions of heal wounds.
  3829 | D:5      | Found a blossoming altar of Fedhas.
  3923 | D:5      | Found a snail-covered altar of Cheibriados.
  4007 | D:5      | Reached skill level 7 in Axes
  4042 | D:5      | Found a runed translucent gate.
  4065 | D:5      | Found a runed translucent gate.
  4066 | D:5      | Found a runed translucent gate.
  4077 | D:5      | Found an opulent altar of Gozag.
  4078 | D:5      | Noticed qw's ghost (novice TeWr)
  4097 | D:5      | Reached XP level 8. HP: 39/49 MP: 8/8
  4310 | D:5      | 4310 ||| Stepping ~*~*~tactically~*~*~ (stealth).
  4346 | D:5      | 4346 ||| Stepping ~*~*~tactically~*~*~ (stealth).
  4566 | D:5      | 4566 ||| UPGRADING to +0 plate armour.
  4576 | D:5      | 4576 ||| DROPPING +0 scale mail.
  4577 | D:5      | 4577 ||| READING scroll of enchant armour.
  4577 | D:5      | 4577 ||| ENCHANTING +0 plate armour.
  4578 | D:5      | 4578 ||| READING scroll labelled JAEMYT ZAPNINU.
  4579 | D:5      | 4579 ||| READING 3 scrolls of identify.
  4579 | D:5      | 4579 ||| IDENTIFYING red potion
  4580 | D:5      | 4580 ||| READING 2 scrolls of identify.
  4580 | D:5      | 4580 ||| IDENTIFYING murky white potion
  4581 | D:5      | 4581 ||| DROPPING potion of berserk rage.
  4715 | D:6      | 4715 ||| Stepping ~*~*~tactically~*~*~ (hiding).
  4829 | D:6      | Reached skill level 8 in Axes
  4869 | D:6      | Reached skill level 6 in Fighting
  4949 | D:6      | Found a shadowy altar of Dithmenos.
  4949 | D:6      | Found a radiant altar of Vehumet.
  4949 | D:6      | Found a hide-covered altar of Uskayaw.
  4972 | D:6      | 4972 ||| Stepping ~*~*~tactically~*~*~ (hiding).
  4973 | D:6      | 4973 ||| Stepping ~*~*~tactically~*~*~ (stealth).
  4981 | D:6      | Noticed a wyvern
  4987 | D:6      | Killed a wyvern
  4988 | D:6      | Reached XP level 9. HP: 37/55 MP: 9/9
  4988 | D:6      | 4988 ||| Stepping ~*~*~tactically~*~*~ (hiding).
  4996 | D:6      | Reached skill level 9 in Axes
  4997 | D:6      | 4997 ||| Stepping ~*~*~tactically~*~*~ (stealth).
  5116 | D:6      | Found a shimmering altar of Xom.
  5130 | D:6      | 5130 ||| Stepping ~*~*~tactically~*~*~ (stealth).
  5136 | D:6      | 5136 ||| Stepping ~*~*~tactically~*~*~ (stealth).
  5138 | D:6      | 5138 ||| Stepping ~*~*~tactically~*~*~ (stealth).
  5139 | D:6      | 5139 ||| Stepping ~*~*~tactically~*~*~ (stealth).
  5157 | D:6      | Found a staircase to the Ecumenical Temple.
  5169 | D:6      | 5169 ||| DROPPING +0 war axe of freezing.
  5197 | D:6      | 5197 ||| Stepping ~*~*~tactically~*~*~ (hiding).
  5201 | D:6      | 5201 ||| Stepping ~*~*~tactically~*~*~ (hiding).
  5486 | D:6      | 5486 ||| READING scroll labelled REDIOSEYTO.
  5487 | D:6      | 5487 ||| READING 4 scrolls of identify.
  5487 | D:6      | 5487 ||| IDENTIFYING fizzy clear potion
  5488 | D:6      | 5488 ||| READING 3 scrolls of identify.
  5488 | D:6      | 5488 ||| IDENTIFYING fuming red potion
  5489 | D:6      | 5489 ||| READING 2 scrolls of identify.
  5489 | D:6      | 5489 ||| IDENTIFYING pink potion
  5490 | D:6      | 5490 ||| DROPPING potion of ambrosia.
  5491 | D:6      | 5491 ||| DROPPING potion of degeneration.
  5512 | D:7      | 5512 ||| Stepping ~*~*~tactically~*~*~ (stealth).
  5594 | D:7      | Found a broken altar of Ashenzari.
  5644 | D:7      | Noticed a hornet
  5655 | D:7      | Killed a hornet
  6167 | D:7      | 6167 ||| UPGRADING to +0 crystal plate armour.
  6177 | D:7      | 6177 ||| DROPPING +1 plate armour.
  6178 | D:7      | 6178 ||| READING scroll labelled CICWEFF RAMOU.
  6179 | D:7      | 6179 ||| READING 3 scrolls of identify.
  6179 | D:7      | 6179 ||| IDENTIFYING metallic puce potion
  6180 | D:7      | 6180 ||| READING 2 scrolls of identify.
  6180 | D:7      | 6180 ||| IDENTIFYING inky potion
  6181 | D:7      | 6181 ||| DROPPING potion of brilliance.
  6271 | D:8      | 6271 ||| Stepping ~*~*~tactically~*~*~ (stealth).
  6275 | D:8      | 6275 ||| Stepping ~*~*~tactically~*~*~ (stealth).
  6330 | D:8      | 6330 ||| Stepping ~*~*~tactically~*~*~ (stealth).
  6345 | D:8      | 6345 ||| Stepping ~*~*~tactically~*~*~ (stealth).
  6351 | D:8      | 6351 ||| Stepping ~*~*~tactically~*~*~ (stealth).
  6354 | D:8      | 6354 ||| Stepping ~*~*~tactically~*~*~ (hiding).
  6356 | D:8      | 6356 ||| Stepping ~*~*~tactically~*~*~ (hiding).
  6368 | D:8      | Reached skill level 1 in Throwing
  6452 | D:8      | Noticed a two-headed ogre
  6453 | D:8      | 6453 ||| READING 2 scrolls of teleportation.
  6556 | D:8      | 6556 ||| Stepping ~*~*~tactically~*~*~ (stealth).
  6571 | D:8      | Reached skill level 6 in Armour
  6612 | D:8      | Found a staircase to the Lair.
  6632 | D:8      | Reached XP level 10. HP: 63/63 MP: 10/10
  6718 | D:8      | 6718 ||| Stepping ~*~*~tactically~*~*~ (hiding).
  6729 | D:8      | Reached skill level 10 in Axes
  6731 | D:8      | 6731 ||| Stepping ~*~*~tactically~*~*~ (stealth).
  6969 | D:8      | 6969 ||| DRINKING 2 smoky red potions.
  7008 | D:8      | Found a bloodstained altar of Trog.
  7034 | D:8      | Killed a two-headed ogre
  7440 | D:8      | Noticed a gargoyle
  7440 | D:8      | Noticed a cyclops
  7449 | D:8      | HP: 14/65 [vampire (4)]
  7449 | D:8      | Slain by a cyclops

Levels and vault maps discovered:
D:1:      giann_horns, layout_basic, ebering_ecumenical_altar_mist
D:2:      layout_rooms
D:3:      layout_loops_cross, mainiacjoe_overflow_alcove_2, bh_walls_and_bars
D:4:      layout_cave_pools, kennysheep_mini_moat, serial_shops,
          nicolae_shop_behind_doors
D:5:      layout_basic, cheibriados_altar_1, marbit_many_paths,
          ebering_ghost_gozag
D:6:      layout_basic, xom_confusion_cloud, gammafunk_temple_overflow_claw,
          minmay_temple_entry_from_below_a
D:7:      layout_basic, lemuel_crystal_altar
D:8:      minmay_chambers_of_sevens, layout_loops_cross, amcnicky_altar_gilded

Skill      XL: |  1  2  3  4  5  6  7  8  9 10 |
---------------+-------------------------------+-----
Axes           | 2 3 4 5 7 8 9 10 | 10.4
Fighting       | 4 5 6 7 8 |  8.4
Dodging        | 1 |  1.5
Armour         | 4 7 8 |  8.0
Shields        | 4 5 |  5.2
Throwing       | 1 |  1.2

Action                   |  1- 3 |  4- 6 |  7- 9 | 10-12 || total
-------------------------+-------+-------+-------+-------++-------
Melee: War axe           |    86 |    79 |   185 |    68 ||   418
Throw: Boomerang         |       |       |     3 |    14 ||    17
  Use: Scroll            |     7 |     6 |    13 |       ||    26
       Potion            |       |     2 |     1 |     1 ||     4
 Stab: Invisible         |       |       |       |     4 ||     4
Armor: Scale mail        |    47 |    33 |    25 |       ||   105
       Plate armour      |       |       |    62 |       ||    62
       Crystal plate arm |       |       |    31 |    47 ||    78
Dodge: Dodged            |    42 |    36 |    67 |    15 ||   160
Block: Buckler           |    19 |    18 |    32 |    14 ||    83

Table legend:
 A = Non-vault XP
 B = Vault XP
 C = Vault XP percentage of total XP
 D = Non-vault monster count
 E = Vault monster count
 F = Vault count percentage of total count
                 A         B        C        D         E       F
            +---------+---------+-------+---------+---------+-------
      Total |    5777 |    1841 |  24.2 |     140 |      22 |  13.6
            +---------+---------+-------+---------+---------+-------
        D:1 |      21 |       0 |   0.0 |      14 |       0 |   0.0
        D:2 |      50 |       0 |   0.0 |      17 |       0 |   0.0
        D:3 |      30 |       0 |   0.0 |      14 |       0 |   0.0
        D:4 |     178 |       0 |   0.0 |      17 |       0 |   0.0
        D:5 |    1145 |      83 |   6.8 |      30 |       1 |   3.2
        D:6 |     855 |     706 |  45.2 |      13 |      12 |  48.0
        D:7 |     904 |       0 |   0.0 |      11 |       0 |   0.0
        D:8 |    2594 |    1052 |  28.9 |      24 |       9 |  27.3
            +---------+---------+-------+---------+---------+-------
